 Dungeon Sprint DCSS version 0.29-a0-512-gf59ac788ac (webtiles) character file.

Game seed: 4039952322944862139

14 mhtbhm the Ruffian (level 2, 0/26 HPs)
             Began as a Troll Transmuter on May 29, 2022.
             Succumbed to a scorpion's poison
             ... in the Dungeon (Sprint IX: "|||||||||||||||||||||||||||||").
             The game lasted 00:00:19 (48 turns).

mhtbhm the Ruffian (Troll Transmuter)                 Turns: 48, Time: 00:00:19

Health: 0/26       AC:  4    Str: 17    XL:     2   Next: 31%
Magic:  2/3        EV: 10    Int:  9    God:
Gold:   0          SH:  0    Dex: 10    Spells: 3/4 levels left

rFire   . . .      SeeInvis .     - Unarmed
rCold   . . .      Faith    .   (no shield)
rNeg    . . .      Spirit   .   a - +0 robe
rPois   .          Reflect  .   (helmet restricted)
rElec   .          Harm     .   (no cloak)
rCorr   .          Rampage  .   (gloves unavailable)
Will    .....      NoTele   +   (boots unavailable)
Stlth   +.........              (no amulet)
HPRegen 0.88/turn               (no ring)
MPRegen 0.08/turn               (no ring)

@: lethally poisoned (0 -> -7)
A: large, unfitting armour, claws 3, regeneration 1, shaggy fur 1, tough skin 1
a: no special abilities


You were in the Dungeon.
You visited 1 branch

Inventory:

Armour
 a - a +0 robe (worn)
Scrolls
 h - a scroll of blinking
Potions
 b - a potion of lignification
 e - a potion of haste
 f - 2 potions of magic
 g - a potion of berserk rage


   Skills:
 + Level 0.7 Fighting
 + Level 2.1 Dodging
 + Level 4.6 Unarmed Combat
 + Level 1.7 Spellcasting
 + Level 1.9 Transmutations


You had 3 spell levels left.
You knew the following spells:

 Your Spells              Type           Power      Damage    Failure   Level
a - Beastly Appendage     Tmut           8%         N/A       16%         1

Your spell library contained the following spells:

 Spells                   Type           Power      Damage    Failure   Level
 Wereblood                Tmut           4%         N/A       24%         2
 Spider Form              Tmut/Pois      2%         N/A       56%         3
 Ice Form                 Ice/Tmut       2%         N/A       93%         4


Dungeon Overview and Level Annotations

Branches:
Dungeon (1/1)

Altars:


Innate Abilities, Weirdness & Mutations

You are too large for most types of armour.
You have claws for hands.
Your natural rate of healing is unusually fast.
You are covered in fur. (AC +1)
You have tough skin. (AC +1)


Message History

The scorpion is heavily wounded.
You feel very sick. The scorpion stings you.
Unknown command.
Unknown command.
You feel better. The scorpion stings you.
You are poisoned.
The scorpion poisons you!
You barely miss the scorpion. Your kick misses the scorpion.
The scorpion is heavily wounded.
You feel very sick.
The scorpion stings you but does no damage.
You scratch the scorpion but do no damage.
Your kick misses the scorpion.
The scorpion is heavily wounded.
Your horns disappear.
Your talons disappear.
You feel sick. The scorpion stings you.
You closely miss the scorpion.
The scorpion is heavily wounded.
You feel sick.
The scorpion stings you but does no damage.
Unknown command.
Unknown command.
You scratch the scorpion.
The scorpion is severely wounded.
You feel sick. The scorpion misses you.
You completely miss the scorpion.
The scorpion is severely wounded.
You feel sick. The scorpion stings you!
* * * LOW HITPOINT WARNING * * *
You are lethally poisoned!
The scorpion poisons you! The scorpion barely misses you.
Unknown command.
Unknown command.
Okay, then.
You aren't carrying any items that you can evoke.
Unknown command.
You claw the scorpion!
You kill the scorpion!
You die...

▓+▓
▓.▓
▓w▓
▓5▓
▓l▓
▓.▓
▓@▓
▓.▓
▓.▓
▓.▓
▓.▓
▓.▓
▓†▓
▓.▓
▓.▓


You could see an iguana, a shadow imp and a dart slug.

Vanquished Creatures
  A scorpion (D)
  A shadow imp (D)
  3 endoplasms (D)
  2 giant cockroaches (D)
7 creatures vanquished.

Notes
Turn   | Place    | Note
-------+----------+-------------------------------------------
     0 | D        | mhtbhm the Troll Transmuter began the quest for the Orb.
     0 | D        | Reached XP level 1. HP: 18/18 MP: 1/1
    14 | D        | Reached skill level 4 in Unarmed Combat
    36 | D        | Noticed an iguana
    36 | D        | Noticed a scorpion
    40 | D        | Reached XP level 2. HP: 26/26 MP: 1/3
    48 | D        | Killed a scorpion
    48 | D        | Succumbed to a scorpion's poison

Illustrated notes

Levels and vault maps discovered:
D:        linesprint [early_d, line_temple, items_1, d_10, items_2, lair_1,
          lair_end, items_3, orc_1, orc_end, items_4, d_15, swamp_1, shoals_1,
          snake_1, spider_1, d_20, vaults_1, items_5, swamp_end, shoals_end,
          snake_end, spider_end, vaults_end, d_27, items_6, zot_1, zot_end,
          crypt_end, forest_end, elf_end, slime_end, tomb_end, abyss_end,
          pan_hell_end]

Skill      XL: |  1 |
---------------+----+-----
Unarmed Combat | 4 |  4.6
Dodging        | 2 |  2.1
Fighting       | |  0.7
Spellcasting   | |  1.7
Transmutations | |  1.9

Action                   || total
-------------------------++-------
Melee: Unarmed           ||    18
       Kick              ||     1
 Cast: Beastly Appendage ||     1
  Use: Potion            ||     2
Armor: Robe              ||     2
Dodge: Dodged            ||     7

Table legend: (Time is in decaauts)
 A = Elapsed time spent in this place.
 B = Non-inter-level travel time spent in this place.
 C = Inter-level travel time spent in this place.
 D = Time resting spent in this place.
 E = Time spent auto-exploring this place.
 F = Levels seen in this place.
 G = Mean time per level.
                   A        B        C        D        E       F      G
               +--------+--------+--------+--------+--------+-----+--------+
         Total |     46 |     46 |      0 |     15 |      0 |   1 |   46.0 |
       Dungeon |     46 |     46 |      0 |     15 |      0 |   1 |   46.0 |
               +--------+--------+--------+--------+--------+-----+--------+

Top non-repeatable levels by time:
       D: 46 daAuts
